 Dungeon Crawl Stone Soup version 0.31.0-11-ge490571c62 (webtiles) character file.

Game seed: 7507145029914542565

155 qw the Ducker (level 5, -1/26 HPs)
             Began as a Spriggan Hunter on Feb 4, 2024.
             Slain by a black bear (3 damage)
             ... on level 3 of the Dungeon.
             The game lasted 00:00:07 (1645 turns).

qw the Ducker (Spriggan Hunter)                     Turns: 1645, Time: 00:00:08

Health: -1/26      AC:  4    Str:  5 (7)  XL:     5   Next: 14%
Magic:  6/6        EV: 21    Int:  9 (10) God:
Gold:   161        SH:  0    Dex: 25 (26) Spells: 4/4 levels left

rFire   . . .        a - +0 shortbow
rCold   + . .        (shield currently unavailable)
rNeg    . . .        i - +2 robe {Will+}
rPois   +            (helmet restricted)
rElec   .            (no cloak)
rCorr   .            (gloves unavailable)
SInv    +            (boots unavailable)
Will    +....        h - amulet of regeneration
Stlth   ++           c - ring of Lifee {rPois rC+ Dex+5}
HPRegen 1.04/turn    (no ring)
MPRegen 0.10/turn

%: no passive effects
@: very quick
A: very small, no large weapons, unfitting armour, see invisible, speed 3
a: no special abilities


You were on level 3 of the Dungeon.
You visited 1 branch of the dungeon, and saw 4 of its levels.

You collected 161 gold pieces.


Innate Abilities, Weirdness & Mutations

You are very small and have problems with some larger weapons.
You are too small for most types of armour.
You have supernaturally acute eyesight. (SInv)
You cover ground extremely quickly. (Speed+++)


   Skills:
 - Level 2.0 Fighting
 - Level 5.2 Ranged Weapons
 + Level 5.2 Dodging
 - Level 1.5 Stealth


You had 4 spell levels left.
You didn't know any spells.
Your spell library was empty.

Inventory:

Hand Weapons
 a - a +0 shortbow (weapon)
Armour
 i - a +2 robe of willpower (worn)
Jewellery
 c - the ring of Lifee (left hand) {rPois rC+ Dex+5}
   (You acquired it on level 3 of the Dungeon)

   [ring of protection from cold]

   Dex+5:     It affects your dexterity (+5).
   rC+:       It protects you from cold.
   rPois:     It protects you from poison
 h - an amulet of regeneration (around neck)
Potions
 b - a potion of curing
 d - a potion of mutation
 e - a potion of brilliance {unknown}
 j - a potion of lignification {unknown}

Dungeon Overview and Level Annotations

Branches:
Dungeon (4/15)
 Temple: D:4-7

Altars:

Annotations:
D:3 1 runed translucent door, qw's ghost, amateur SpHu


Message History

You shoot an arrow.
The arrow hits the black bear but does no damage.
The black bear is lightly wounded.
The black bear closely misses you. The black bear completely misses you.
The black bear claws you.
A hobgoblin comes into view.
1639 ||| STAIRDANCE The black bear bites you.
The black bear closely misses you. The black bear completely misses you.
The bombardier beetle bites you.
You climb upwards.
Level annotation: 1 runed translucent door, qw's ghost, amateur SpHu
There is a stone staircase leading down here.
You shoot an arrow. The arrow hits the black bear!
The black bear is heavily wounded.
The black bear completely misses you. The black bear barely misses you. x2
The bombardier beetle closely misses you.
You shoot an arrow. The arrow hits the black bear.
The black bear is heavily wounded.
The black bear barely misses you. The black bear misses you.
The black bear completely misses you. x2; The black bear closely misses you.
The black bear claws you.
You shoot an arrow. The arrow hits the black bear!
The black bear is severely wounded.
The bombardier beetle closely misses you.
The black bear goes berserk!
Enter note:
Enter note:
Enter note:
Enter note: You shoot an arrow.
The arrow hits the black bear.
The black bear is almost dead.
The black bear bites you. The black bear claws you. x2
The bombardier beetle completely misses you.
The black bear closely misses you. The black bear barely misses you.
The black bear misses you.
You shoot an arrow. The arrow hits the black bear.
The black bear is almost dead.
The black bear bites you but does no damage.
The black bear claws you. x2
You die...

.................#
#.........####
########.........###.#.......#
###...#####...#.......# ###.#
#.###.......#
#.#####...).......#
#...#.............#
###...##..........#
###############h.##.....######
............#..B@##.....#
............#.#####.....#
........................#
......%[....##.####.....#
.....!########.# #.....#
......+SWS~?~#.# #.....#
......########## #.....#
............# #.....#
............# #######


You could see a black bear (berserk) and a bombardier beetle.

Vanquished Creatures
  An orc wizard (D:3)
  7 adders
  2 ribbon worms
  A dart slug (D:3)
  3 orcs (D:3)
  8 ball pythons
  6 bats
  9 endoplasms
  A giant cockroach (D:2)
  3 goblins (D:1)
  2 jackals (D:1)
  6 kobolds
  2 quokkas
  3 frilled lizards
  6 rats
60 creatures vanquished.

Notes
Turn   | Place    | Note
-------+----------+-------------------------------------------
     0 | D:1      | qw the Spriggan Hunter began the quest for the Orb.
     0 | D:1      | Reached XP level 1. HP: 10/10 MP: 2/2
     0 | D:1      | 0 ||| qw: Version: 0.3-a-160-g6735b56
     0 | D:1      | 0 ||| qw: Game counter: 5348
     0 | D:1      | 0 ||| qw: Melee chars always use a shield: true
     0 | D:1      | 0 ||| qw: God list: Okawaru
     0 | D:1      | 0 ||| qw: Allow faded altars: false
     0 | D:1      | 0 ||| qw: Do Orc after clearing Dungeon:15 true
     0 | D:1      | 0 ||| qw: Do second Lair branch before Depths: true
     0 | D:1      | 0 ||| qw: Lair rune preference: random
     0 | D:1      | 0 ||| qw: Goals: Normal
     0 | D:1      | 0 ||| PLANNING D:1-11
    30 | D:1      | Reached skill level 3 in Dodging
    75 | D:1      | Reached XP level 2. HP: 13/14 MP: 3/3
   436 | D:1      | 436 ||| READING scroll labelled VUFFIW TIEMIO.
   436 | D:1      | 436 ||| IDENTIFYING cyan potion
   437 | D:1      | 437 ||| READING scroll labelled BEOGIC OM LEIG.
   438 | D:1      | 438 ||| DROPPING scroll of butterflies.
   465 | D:2      | Reached XP level 3. HP: 18/18 MP: 4/4
   688 | D:2      | Reached XP level 4. HP: 16/22 MP: 5/5
  1028 | D:2      | 1028 ||| UPGRADING to amulet of regeneration.
  1033 | D:2      | 1033 ||| READING scroll of identify.
  1033 | D:2      | 1033 ||| IDENTIFYING amethyst potion
  1180 | D:3      | Found a runed translucent door.
  1235 | D:3      | Reached XP level 5. HP: 23/26 MP: 6/6
  1312 | D:3      | Noticed qw's ghost (amateur SpHu)
  1597 | D:3      | 1597 ||| UPGRADING to +2 robe of willpower.
  1610 | D:3      | 1610 ||| DROPPING +0 robe.
  1613 | D:3      | 1613 ||| DROPPING amulet of guardian spirit.
  1614 | D:3      | 1614 ||| READING scroll labelled UBO RIKKUBUFI.
  1614 | D:3      | Identified a scroll of acquirement
  1614 | D:3      | 1614 ||| ACQUIRING ring of Lifee {rPois rC+ Dex+5}
  1614 | D:3      | Acquired the ring of Lifee {rPois rC+ Dex+5}
  1616 | D:3      | 1616 ||| UPGRADING to ring of Lifee {rPois rC+ Dex+5}.
  1617 | D:3      | 1617 ||| READING scroll labelled QAPEUP TIPU.
  1618 | D:3      | 1618 ||| DRINKING 2 white potions.
  1619 | D:3      | 1619 ||| DROPPING potion of degeneration.
  1632 | D:4      | Noticed a black bear
  1633 | D:4      | 1633 ||| STAIRDANCE
  1639 | D:4      | 1639 ||| STAIRDANCE
  1644 | D:3      | HP: 5/26 [black bear (3)]
  1645 | D:3      | HP: 2/26 [black bear (4)]
  1645 | D:3      | Slain by a black bear

Levels and vault maps discovered:
D:1:      shiori_arrival_maze, layout_rooms
D:2:      layout_loops_ring
D:3:      layout_basic, ebering_ghost_sewer_d
D:4:      layout_rooms, serial_shops, nicolae_shop_tiny_waterfront,
          kennysheep_generic_room_2

Skill      XL: |  1  2  3  4  5 |
---------------+----------------+-----
Dodging        | 3 4 5 |  5.2
Ranged Weapons | 5 |  5.2
Fighting       | 2 |  2.0
Stealth        | |  1.5

Action                     |  1- 3 |  4- 6 || total
---------------------------+-------+-------++-------
   Fire: Shortbow          |    98 |    65 ||   163
    Use: Scroll            |     2 |     3 ||     5
         Potion            |       |     1 ||     1
 Armour: Robe              |     6 |    13 ||    19
         Skin              |       |     1 ||     1
  Dodge: Dodged            |    22 |    37 ||    59

Table legend:
 A = Non-vault XP
 B = Vault XP
 C = Vault XP percentage of total XP
 D = Non-vault monster count
 E = Vault monster count
 F = Vault count percentage of total count
                 A         B        C        D         E       F
            +---------+---------+-------+---------+---------+-------
      Total |     218 |       4 |   1.8 |      58 |       2 |   3.3
            +---------+---------+-------+---------+---------+-------
        D:1 |      35 |       4 |  10.3 |      23 |       2 |   8.0
        D:2 |      94 |       0 |   0.0 |      20 |       0 |   0.0
        D:3 |      89 |       0 |   0.0 |      15 |       0 |   0.0
            +---------+---------+-------+---------+---------+-------
